 Dungeon Crawl Stone Soup version 0.30.1-4-g462c640d31 (webtiles) character file.

Game seed: 12928822250949534401

6503 Janerl the Basher (level 10, -3/92 HPs)
             Began as an Armataur Berserker on Aug 26, 2023.
             Was an Elder of Trog.
             Slain by a hornet (7 damage)
             ... while paralysed by a hornet
             ... on level 8 of the Dungeon.
             The game lasted 00:39:15 (7372 turns).

Janerl the Basher (Armataur Berserker)              Turns: 7372, Time: 00:39:16

Health: -3/92      AC: 11    Str: 23    XL:     10   Next: 69%
Magic:  10/10      EV:  1    Int: 10    God:    Trog [****..]
Gold:   331        SH:  0    Dex: 17    Spells: 9/9 levels left

rFire   . . .        C - +2 flail (protect)
rCold   . . .        (no shield)
rNeg    + . .        J - +0 chain mail {rPois}
rPois   +            p - +0 helmet
rElec   .            A - +0 cloak
rCorr   .            (no gloves)
SInv    .            (no barding)
Will    ++...        (no amulet) Stlth
                     I - +6 ring of dexterity
HPRegen 1.35/turn    z - ring of positive energy
MPRegen 0.12/turn

%: roll
@: paralysed, strong-willed, on berserk cooldown, regenerating, slowed
A: large, rugged brown scales 3, deformed body, armoured tail, roll, long
tongue, awkward tongue
a: Renounce Religion, Berserk, Trog's Hand, Brothers in Arms


You were on level 8 of the Dungeon.
You worshipped Trog.
Trog was greatly pleased with you.
You visited 1 branch of the dungeon, and saw 8 of its levels.

You collected 469 gold pieces.
You spent 138 gold pieces at shops.

Inventory:

Hand Weapons
 b - a +0 executioner's axe
 x - a +4 dire flail
 C - a +2 flail of protection (weapon)
 M - a +1 antimagic flail
Missiles
 k - 5 poisoned darts (quivered)
 u - 8 boomerangs
 E - 6 boomerangs of dispersal
 N - 3 atropa-tipped darts
Armour
 o - a +1 robe of willpower
 p - a +0 helmet (worn)
 q - an orb of mayhem
 A - a +0 cloak (worn)
 J - a +0 chain mail of poison resistance (worn)
 P - +0 steam dragon scales
Jewellery
 z - a ring of positive energy (right hand)
 H - a ring of see invisible
 I - a +6 ring of dexterity (left hand)
Wands
 a - a wand of polymorph (9)
 G - a wand of flame (15)
Scrolls
 d - a scroll of vulnerability {unknown}
 g - 5 scrolls of teleportation {unknown}
 h - a scroll of brand weapon {unknown}
 i - a scroll of butterflies {unknown}
 l - a scroll of fog {unknown}
 n - 2 scrolls of immolation {unknown}
 s - 4 scrolls of identify
 y - 3 scrolls of blinking {unknown}
 B - 2 scrolls of fear
 D - a scroll of magic mapping {unknown}
 F - a scroll of noise {unknown}
 K - a scroll of enchant armour {unknown}
 O - 2 scrolls of enchant weapon {unknown}
Potions
 c - a potion of resistance {unknown}
 e - 2 potions of invisibility
 f - 3 potions of flight {unknown}
 j - 2 potions of haste {unknown}
 m - 7 potions of curing
 r - 4 potions of degeneration
 t - a potion of brilliance {unknown}
 v - 2 potions of lignification {unknown}
 w - a potion of mutation {unknown}
 L - 2 potions of heal wounds {unknown}
 Q - a potion of attraction {unknown}


   Skills:
 + Level 7.1 Fighting
 + Level 10.8 Maces & Flails
 + Level 0.8 Throwing
 + Level 5.8 Armour
 + Level 5.5 Dodging
 + Level 4.5 Stealth
 + Level 0.3 Evocations


You had 9 spell levels left.
You didn't know any spells.
Your spell library was empty.

Dungeon Overview and Level Annotations

Branches:
Dungeon (8/15)             Temple (0/1) D:4
   Lair: D:8-11

Altars:
Ashenzari
Dithmenos
Gozag
Makhleb
Qazlal
Vehumet
Wu Jian
Xom

Shops:
D:3 ?   D:4 **   D:5 :*


Innate Abilities, Weirdness & Mutations

You are completely covered in rugged brown scales. (AC +3, +7% HP)
Armour fits poorly on your strangely shaped body.
You have a long armoured tail.
You roll when moving toward enemies. (Rampage)
Your long tongue fully drains potion bottles. (2x potion effects)
Your tongue gives you trouble enunciating. (1.5x scroll delay)


Message History

Trog will no longer gift you weapons. The hornet stings you!
* * * LOW HITPOINT WARNING * * *
You feel as though you will be slow longer.
The shadow imp barely misses you. The gnoll barely misses you.
The gnoll hits you from afar with a +0 halberd.
* * * LOW HITPOINT WARNING * * *
The gnoll barely misses you. x2
The gnoll sergeant completely misses you.
The hornet stings you but does no damage.
You feel better.
You slurp down every last drop of the potion of curing!
The hornet closely misses you.
The shadow imp hits you but does no damage.
The gnoll barely misses you. The gnoll closely misses you.
The gnoll hits you but does no damage. The gnoll barely misses you.
The gnoll sergeant hits you from afar with a +2 spear of freezing.
The gnoll sergeant freezes you. The hornet stings you.
You suddenly lose the ability to move!
The gnoll sergeant hits you from afar with a +2 spear of freezing!
* * * LOW HITPOINT WARNING * * *
The gnoll sergeant freezes you.
* * * LOW HITPOINT WARNING * * *
The gnoll hits you from afar with a +0 halberd of freezing.
* * * LOW HITPOINT WARNING * * *
The gnoll freezes you.
* * * LOW HITPOINT WARNING * * *
The shadow imp hits you but does no damage.
The gnoll hits you but does no damage.
The gnoll hits you from afar with a +0 spear.
* * * LOW HITPOINT WARNING * * *
The gnoll hits you from afar with a +0 halberd.
* * * LOW HITPOINT WARNING * * *
The gnoll hits you with a +0 whip.
* * * LOW HITPOINT WARNING * * *
The hornet stings you.
* * * LOW HITPOINT WARNING * * *
You feel as though you will be slow longer.
The hornet stings you!
You die...

.......... ........
.##....... ..#......#
## .........## ..#
..........##.# ##
......ggg....##.#
......g.gy.#....#
.......5@g##....##
.................#.
....#.#..##.......
... #...........#
......#..#......# .
.........#......# ...
......##....#.<##....
............#........
.................#


You could see a hornet, a gnoll sergeant, 5 gnolls and a shadow imp.

Vanquished Creatures
  Erica (D:8)
  Maggie (D:7)
  The ghost of Esekla the Grave Robber, an amateur DENe of Vehumet (D:4)
  A shadow (D:6)
  A yak (D:8)
  A steam dragon (D:7)
  3 water moccasins (D:7)
  An orc warrior (D:6)
  3 ice beasts (D:6)
  2 sky beasts
  2 black bears
  4 ogres
  A lemure (D:8)
  2 centaurs
  2 kobold brigands (D:7)
  A bullfrog (D:6)
  A gnoll sergeant (D:7)
  7 scorpions
  4 wights (D:7)
  6 killer bees (D:7)
  4 howler monkeys
  4 quasits (D:4)
  3 hounds
  3 jellies
  4 orc priests
  3 iguanas
  Jessica (D:2)
  4 orc wizards (D:6)
  Natasha (thrice) (D:4)
  5 adders
  15 gnolls
  3 shadow imps
  3 white imps
  3 ufetubi (D:5)
  2 worms
  10 orcs
  6 ball pythons
  8 endoplasms
  4 giant cockroaches
  12 goblins
  5 hobgoblins
  6 jackals
  3 quokkas
  4 bats
  3 frilled lizards
  12 kobolds
  3 rats
181 creatures vanquished.

Vanquished Creatures (collateral kills)
  Pikel (D:8)
  5 yaks (D:8)
  A sky beast (D:8)
  2 lemures (D:8)
9 creatures vanquished.

Grand Total: 190 creatures vanquished

Notes
Turn   | Place    | Note
-------+----------+-------------------------------------------
     0 | D:1      | Janerl the Armataur Berserker began the quest for the Orb.
     0 | D:1      | Reached XP level 1. HP: 19/19 MP: 1/1
    85 | D:1      | Reached XP level 2. HP: 25/26 MP: 2/2
    94 | D:1      | Reached skill level 3 in Maces & Flails
   457 | D:1      | Reached ** piety under Trog
   490 | D:1      | Reached XP level 3. HP: 33/33 MP: 3/3
   958 | D:2      | Found a faded altar of an unknown god.
  1038 | D:2      | Found a shimmering altar of Xom.
  1145 | D:2      | Noticed Jessica
  1147 | D:2      | Killed Jessica
  1148 | D:2      | Reached XP level 4. HP: 40/40 MP: 4/4
  1774 | D:3      | Reached skill level 4 in Maces & Flails
  1804 | D:3      | Found a broken altar of Ashenzari.
  1876 | D:3      | Reached skill level 1 in Stealth
  1910 | D:3      | Found an opulent altar of Gozag.
  1914 | D:3      | Reached XP level 5. HP: 42/48 MP: 5/5
  2059 | D:3      | Found Ucidor's Magic Scroll Shop.
  2071 | D:3      | Bought a scroll of identify for 24 gold pieces
  2350 | D:3      | Reached *** piety under Trog
  2568 | D:4      | Found Hala's General Store.
  2594 | D:4      | Bought a scroll of identify for 24 gold pieces
  2594 | D:4      | Bought a scroll of fear for 48 gold pieces
  2613 | D:4      | Found a transporter.
  2616 | D:4      | Noticed Esekla's ghost (amateur DENe)
  2668 | D:4      | Found a shadowy altar of Dithmenos.
  2715 | D:4      | Found a transporter.
  2739 | D:4      | Noticed Natasha
  2751 | D:4      | Killed Natasha
  2771 | D:4      | Noticed Natasha
  2779 | D:4      | Killed Natasha
  2780 | D:4      | Reached skill level 5 in Maces & Flails
  2780 | D:4      | Reached XP level 6. HP: 31/55 MP: 6/6
  2874 | D:4      | Noticed Natasha
  2885 | D:4      | Killed Natasha
  2973 | D:4      | Found Nidyx's General Store.
  2992 | D:4      | Bought a potion of curing for 42 gold pieces
  2999 | D:4      | Found a staircase to the Ecumenical Temple.
  3252 | D:4      | Killed Esekla's ghost
  3253 | D:4      | Reached XP level 7. HP: 55/63 MP: 7/7
  3398 | D:5      | Entered Level 5 of the Dungeon
  3556 | D:5      | Reached skill level 6 in Maces & Flails
  3583 | D:5      | Found an ornate altar of the Wu Jian Council.
  3620 | D:5      | Found Zysep's Book Shop.
  3762 | D:5      | Found a radiant altar of Vehumet.
  3930 | D:5      | Found Quruiwai's Assorted Antiques.
  4377 | D:6      | Reached XP level 8. HP: 38/71 MP: 8/8
  4648 | D:5      | Reached **** piety under Trog
  4649 | D:5      | Reached skill level 5 in Fighting
  4649 | D:5      | Reached skill level 7 in Maces & Flails
  5172 | D:6      | Reached skill level 8 in Maces & Flails
  5422 | D:6      | Reached XP level 9. HP: 77/80 MP: 9/9
  5504 | D:6      | Found a burning altar of Makhleb.
  5756 | D:6      | Reached skill level 5 in Dodging
  6167 | D:7      | Reached skill level 9 in Maces & Flails
  6628 | D:7      | Reached ***** piety under Trog
  6811 | D:7      | Reached XP level 10. HP: 76/85 MP: 10/10
  6823 | D:7      | Found a stormy altar of Qazlal.
  6963 | D:7      | Noticed Maggie
  6970 | D:7      | Killed Maggie
  7294 | D:8      | Reached skill level 10 in Maces & Flails
  7324 | D:8      | Noticed Erica
  7335 | D:8      | Killed Erica
  7336 | D:8      | Reached skill level 5 in Armour
  7339 | D:8      | Noticed Pikel
  7347 | D:8      | Killed Pikel
  7371 | D:8      | Paralysed by a hornet for 2 turns
  7372 | D:8      | HP: 4/92 [hornet (3)]
  7372 | D:8      | Slain by a hornet

Illustrated notes

Levels and vault maps discovered:
D:1:      lemuel_arrival_funnel, layout_loops_ring, dreamdust_mushroom_princess
D:2:      layout_loops_ring, basic_altar, shapermc_ecumenical_altar_notcrosses,
          uniq_jessica
D:3:      layout_loops_ring, nicolae_gozag_cash_rules_everything_around_me,
          mainiacjoe_overflow_tiny_flanked, serial_shops, shop
D:4:      layout_rooms, mainiacjoe_overflow_surrounded_room,
          minmay_temple_entry_glass, gammafunk_ghost_stat_death, serial_shops,
          shop, nicolae_shop_tiny_glass, uniq_natasha
D:5:      layout_loops_ring, nzn_wu_jian_contemplation, kennysheep_mini_moat,
          serial_shops, nicolae_shop_tiny_waterfront, nicolae_lakefront_shop
D:6:      minmay_recursive_quarters, layout_rooms, lemuel_round_altar
D:7:      layout_basic, nicolae_qazlal_eye_of_the_storm,
          hangedman_decor_diamond_cutter, uniq_maggie
D:8:      layout_cave_pools, introduction_to_nature_2, uniq_pikel, uniq_erica

Skill      XL: |  1  2  3  4  5  6  7  8  9 10 |
---------------+-------------------------------+-----
Maces & Flails | 3 4 5 6 8 9 10 | 10.8
Fighting       | 3 4 5 6 7 |  7.1
Stealth        | 1 2 3 4 |  4.5
Dodging        | 2 3 4 5 |  5.5
Armour         | 3 5 |  5.8
Throwing       | |  0.8
Evocations     | |  0.3

Action                     |  1- 3 |  4- 6 |  7- 9 | 10-12 || total
---------------------------+-------+-------+-------+-------++-------
  Melee: Mace              |    87 |    92 |       |       ||   179
         Tailslap          |     5 |    19 |    46 |    10 ||    80
         Punch             |     3 |       |     6 |     1 ||    10
         Flail             |       |    79 |   300 |    57 ||   436
         War axe           |       |       |     2 |       ||     2
  Throw: Dart              |       |       |     4 |       ||     4
 Invoke: Berserk           |       |     1 |     4 |     1 ||     6
         Trog's Hand       |       |       |       |     1 ||     1
         Brothers in Arms  |       |       |       |     1 ||     1
  Evoke: Wand              |       |       |     2 |       ||     2
    Use: Scroll            |       |       |     2 |       ||     2
         Potion            |       |       |       |     1 ||     1
   Stab: Sleeping          |       |     3 |     2 |       ||     5
         Distracted        |       |       |     1 |     2 ||     3
 Armour: Animal skin       |    27 |       |       |       ||    27
         Robe              |       |   155 |    94 |       ||   249
         Chain mail        |       |       |    50 |    41 ||    91
  Dodge: Dodged            |    43 |   131 |   177 |    29 ||   380
